Map: Orbital Shipyard

Players

Javert - Winner!

  • Race: Zerg Zerg
  • League: Gold

corsair

  • Race: Protoss Protoss
  • League: Grandmaster

VOD

Have the link to the VOD?

Description

Time

  • Played on: Sept. 17, 2015, 7:54 p.m.
  • Length: 15:00
Show
View Real Time Build Order
Export as new Build Order

Javert Zerg - Winner!

Build Orders: Hatch First, Lurkers 

Get SALT Encoding   

  12  0:01  Drone  
  13  0:16  Overlord  
  13  0:22  Drone  
  14  0:37  Drone x2  
  14  0:41  Drone  
  17  0:57  Hatchery  
  17  0:59  Drone  
  17  1:06  Drone  
  17  1:09  Extractor  
  17  1:12  Drone  
  18  1:22  Drone  
  19  1:34  Spawning Pool  
  19  1:47  Hatchery  
  19  1:53  Spawning Pool  
  17  1:59  Drone  
  18  2:03  Extractor  
  18  2:05  Drone x2  
  19  2:14  Drone x2  
  21  2:24  Drone  
  21  2:25  Drone  
  23  2:33  Overlord  
  23  2:37  Overlord  
  23  2:42  Metabolic Boost  
  23  2:46  Queen  
  25  2:53  Queen  
  27  3:02  Queen  
  29  3:09  Drone x3  
  32  3:16  Zergling x4  
  34  3:23  Zergling x6  
  37  3:33  Zergling x6  
  37  3:34  Zergling x2  
  41  3:37  Zergling x2  
  42  3:48  Zergling x6  
  45  3:51  Overlord  
  45  3:59  Zergling x2  
  45  4:00  Zergling x8  
  50  4:09  Overlord  
  50  4:10  Overlord  
  50  4:17  Drone x6  
  50  4:32  Zergling x2  
  50  4:33  Zergling x12  
  47  4:53  Drone x7  
  47  4:54  Drone x3  
  47  4:59  Lair  
  56  5:01  Extractor  
  56  5:02  Extractor  
  54  5:10  Drone x2  
  54  5:11  Drone x3  
  54  5:12  Baneling Nest  
  58  5:16  Overlord  
  53  5:31  Drone x12  
  62  5:37  Roach Warren  
  62  5:43  Evolution Chamber  
  62  5:45  Drone x3  
  62  5:46  Drone x3, Extractor  
  66  5:51  Evolution Chamber  
  65  5:58  Overlord  
  65  6:09  Zerg Missile Weapons Level 1  
  65  6:15  Overlord x2  
  65  6:17  Zerg Ground Armor Level 1  
  65  6:19  Roach  
  65  6:20  Roach x10  
  65  6:23  Overlord  
  65  6:25  Overlord  
  87  6:30  Overlord, Extractor  
  87  6:32  Extractor  
  85  6:33  Glial Reconstitution  
  85  6:40  Drone x2  
  85  6:41  Drone x4  
  85  6:45  Hydralisk Den  
  90  6:59  Roach  
  90  7:00  Roach x6  
  104  7:02  Overlord x3  
  104  7:07  Overseer  
  104  7:10  Overseer  
  104  7:12  Overseer  
  104  7:14  Overlord x2  
  104  7:15  Drone x3  
  105  7:16  Drone  
  105  7:21  Muscular Augments  
  108  7:25  Drone  
  108  7:26  Drone x7  
  108  7:27  Drone x2  
  118  7:35  Hydralisk x3  
  118  7:36  Hydralisk  
  126  7:58  Hydralisk x7  
  128  8:02  Hatchery  
  139  8:07  Zerg Missile Weapons Level 2  
  139  8:12  Queen  
  139  8:16  Hydralisk x2  
  139  8:17  Hatchery  
  144  8:25  Overlord x2  
  144  8:27  Extractor x2  
  144  8:30  Overlord x2  
  144  8:32  Hydralisk x3  
  148  8:37  Ravager x2  
  148  8:38  Ravager  
  148  8:40  Ravager  
  152  8:44  Overseer  
  152  8:49  Overlord  
  152  8:50  Zergling x2  
  152  8:51  Zergling x20  
  124  9:27  Zergling x2  
  124  9:28  Zergling x26  
  106  9:47  Roach x6  
  112  9:55  Drone  
  113  10:05  Roach  
  113  10:06  Roach x4  
  121  10:08  Queen  
  123  10:19  Hydralisk  
  123  10:20  Hydralisk x6  
  137  10:25  Lurker Den, Roach  
  137  10:26  Roach x3  
  145  10:33  Roach  
  145  10:34  Hatchery, Roach x14  
  174  10:37  Hatchery  
  173  10:55  Spine Crawler x2  
  171  10:58  Hydralisk x3  
  171  10:59  Hydralisk x5  
  171  11:02  Overlord  
  187  11:06  Drone x4  
  187  11:10  Drone x3  
  194  11:14  Overlord  
  194  11:15  Overlord  
  194  11:17  Ravager x5  
  200  11:18  Ravager  
  200  11:31  Overlord x2  
  128  11:55  Roach  
  128  11:56  Roach x19  
  160  12:12  Roach  
  160  12:13  Roach x9  
  178  12:24  Overlord x2  
  178  12:31  Overlord  
  178  12:33  Zerg Ground Armor Level 2  
  178  12:42  Infestation Pit  
  178  12:52  Overlord x2  
  178  13:02  Overlord x2  
  178  13:42  Drone x3  
  178  13:47  Extractor  
  178  13:48  Hatchery  
  178  13:49  Extractor  
  178  13:50  Hatchery  
  178  13:52  Extractor  
  178  13:54  Drone x3  
  178  13:55  Drone x4  
  178  13:58  Overseer  
  178  14:02  Drone x2  
  178  14:03  Drone  
  178  14:18  Lurker  
  178  14:19  Lurker x11  
  178  14:23  Hydralisk  
Show
View Real Time Build Order
Export as new Build Order

corsair Protoss 

Build Orders: Double Forge 

Get SALT Encoding   

  12  0:00  Probe (Chrono Boost)  
  13  0:14  Pylon  
  13  0:17  Probe (Chrono Boost)  
  14  0:27  Probe (Chrono Boost)  
  15  0:34  Gateway  
  15  0:38  Probe (Chrono Boost)  
  16  0:52  Assimilator  
  16  0:56  Pylon  
  16  0:57  Probe (Chrono Boost)  
  17  1:07  Probe (Chrono Boost)  
  18  1:22  Cybernetics Core  
  18  1:24  Probe (Chrono Boost)  
  18  1:33  Probe (Chrono Boost)  
  18  1:38  Zealot  
  21  1:43  Probe (Chrono Boost)  
  22  1:53  Probe (Chrono Boost)  
  23  2:04  Nexus  
  23  2:09  Mothership Core (Chrono Boost)  
  25  2:26  Adept  
  25  2:29  Warp Gate, Assimilator  
  27  2:39  Pylon  
  27  2:43  Pylon  
  27  2:45  Probe (Chrono Boost)  
  28  2:55  Probe (Chrono Boost)  
  28  2:56  Adept  
  31  3:04  Probe (Chrono Boost)  
  32  3:10  Forge  
  32  3:14  Probe (Chrono Boost), Forge  
  33  3:21  Probe (Chrono Boost)  
  33  3:24  Probe (Chrono Boost)  
  35  3:31  Assimilator  
  35  3:37  Assimilator  
  35  3:40  Twilight Council  
  35  3:43  Probe (Chrono Boost)  
  35  3:44  Probe (Chrono Boost)  
  37  3:52  Probe (Chrono Boost)  
  37  3:55  Robotics Facility  
  38  3:58  Adept  
  38  4:00  Probe (Chrono Boost)  
  41  4:03  Protoss Ground Weapons Level 1  
  41  4:04  Probe (Chrono Boost)  
  42  4:10  Probe (Chrono Boost)  
  42  4:14  Probe (Chrono Boost)  
  41  4:54  Observer  
  41  4:58  Shield Upgrade (Chrono Boost)  
  42  5:01  Adept  
  44  5:08  Probe x2  
  46  5:20  Probe x2  
  44  5:33  Adept  
  46  5:36  Pylon  
  46  5:44  Probe x2  
  48  5:53  Protoss Ground Weapons Level 2 (Chrono Boost)  
  48  5:56  Probe x2 (Chrono Boost)  
  50  6:03  Adept  
  52  6:07  Probe (Chrono Boost)  
  52  6:08  Probe (Chrono Boost)  
  54  6:16  Probe  
  54  6:20  Probe  
  54  6:21  Immortal  
  60  6:25  Stargate  
  60  6:26  Probe  
  60  6:28  Gateway  
  60  6:29  Gateway  
  60  6:30  Gateway  
  60  6:32  Probe  
  62  6:36  Pylon x2  
  62  6:51  Pylon  
  62  6:52  Probe, Pylon  
  62  6:54  Probe, Pylon  
  64  6:58  Immortal (Chrono Boost), Adept  
  64  7:00  Pylon  
  70  7:04  Probe  
  70  7:06  Probe  
  70  7:07  Gateway  
  70  7:08  Gateway  
  72  7:17  Probe  
  72  7:18  Probe  
  74  7:24  Stalker  
  74  7:28  Stalker x3  
  82  7:46  Nexus  
  82  7:47  Pylon  
  82  7:49  Pylon  
  82  7:55  Robotics Bay  
  82  7:58  Stalker  
  82  7:59  Stalker x3  
  90  8:09  Adept x2  
  94  8:16  Pylon  
  94  8:22  Observer (Chrono Boost)  
  94  8:24  Robotics Facility  
  95  8:38  Probe  
  95  8:39  Probe, Observer (Chrono Boost)  
  98  8:50  Assimilator  
  98  8:54  Assimilator  
  97  8:56  Adept  
  97  8:57  Adept x4  
  97  9:00  Pylon  
  97  9:02  Pylon  
  103  9:03  Pylon  
  103  9:08  Adept  
  92  9:20  Adept  
  92  9:21  Adept x4  
  89  9:24  Immortal (Chrono Boost)  
  65  9:39  Mothership Core  
  65  9:45  Zealot x6  
  71  9:52  Immortal (Chrono Boost)  
  73  10:07  Adept  
  73  10:08  Stalker  
  73  10:09  Stalker x2  
  73  10:10  Zealot  
  82  10:25  Stalker  
  82  10:26  Protoss Ground Armor Level 1  
  82  10:27  Probe  
  84  10:29  Probe x2  
  87  10:37  Probe  
  87  10:38  Disruptor (Chrono Boost)  
  87  10:40  Disruptor (Chrono Boost)  
  87  10:41  Probe x2  
  96  10:49  Probe  
  97  10:54  Stalker x2  
  101  11:02  Stalker x2  
  101  11:03  Zealot x2  
  109  11:09  Probe x3  
  112  11:21  Probe x2  
  114  11:31  Observer x2 (Chrono Boost)  
  89  11:47  Adept x6  
  60  12:10  Adept  
  60  12:11  Adept x3  
  60  12:12  Adept x2  
Tags
 
Add a new tag
Caveats
  • Supply blocks, unpowered buildings, or Contaminate may cause inaccurate times.
  • Supply counts are checked every 10 seconds.